AoeStats
← beneath mariana

Coastal Forest

503247609Analyzed
4v4 RM · 1mo ago on Aug 30, 2026· 18m 30s· 8 players
Game mode
Random Map
Map size
Large (8 player)
Population
200
Speed
Normal
Resources
Standard
Victory
Conquest
Starting age
Dark Age
Ending age
Imperial Age
RankedLock teamsTeams togetherTeam positionsShared explorationLock speedFull tech treeHidden civsTurbo modeCheats
Victory
Defeat
🇦🇷 Lithuanians · Argentina
1914
+2
🇦🇺 Sicilians · Australia
1895
+2
🇲🇾 Romans · Malaysia
1833
+3
🇺🇸 Koreans · United States
1570
-7
🇬🇧 Vikings · United Kingdom
1510
-5
🇨🇳 Burgundians · China
1427
-3
🇺🇸 Wei · United States
1257
-1
B3rserk
11:34 Feudal Age
12:42 Double-Bit Axe
15:11 Castle Age
14:44 Forging
15:14 Bloodlines
16:06 Scale Barding Armor
16:44 Fishing Lines
17:06 Loom
0653599
11:08 Feudal Age
12:13 Double-Bit Axe
13:44 Wheelbarrow
12:56 Loom
14:02 Fletching
17:10 Castle Age
17:23 Gold Mining
18:13 Medium Warships
17:59 Bodkin Arrow
19:19 Bow Saw
我是软脚虾,求求你不要伤害我
6:49 Loom
8:46 Feudal Age
9:54 Double-Bit Axe
10:42 Horse Collar
15:27 Scale Barding Armor
16:26 Forging
17:45 Bloodlines
Gary_zZ
6:00 Loom
8:44 Feudal Age
12:16 Fletching
18:12 Padded Archer Armor
Treebeard49
6:28 Loom
9:52 Feudal Age
10:31 Double-Bit Axe
11:27 Horse Collar
18:10 Scale Barding Armor
ShiftyShnike
11:16 Feudal Age
12:30 Double-Bit Axe
15:09 Castle Age
14:16 Scale Mail Armor
14:08 Gold Mining
16:17 Chain Mail Armor
16:14 Bow Saw
15:54 Gambesons
18:33 Loom
Ash
7:07 Loom
9:54 Feudal Age
15:15 Fletching
beneath mariana
5:08 Double-Bit Axe
7:00 Loom
10:03 Feudal Age
10:15 Horse Collar
13:07 Wheelbarrow
Connection lost

Rejoining the realm…

Still unreachable

The connection could not be restored.

Session expired

The server has moved on; the page needs a fresh start.